 Dungeon Crawl Stone Soup version 0.30-a0-782-ge64f9170bb (webtiles) character file.

Game seed: 9792698144805985528

7 Crownlay the Shield-Bearer (level 1, -2/22 HPs)
             Began as a Troll Fighter on Mar 5, 2023.
             Slain by a hobgoblin (4 damage)
             ... on level 1 of the Dungeon.
             The game lasted 00:01:55 (117 turns).

Crownlay the Shield-Bearer (Troll Fighter)           Turns: 117, Time: 00:01:56

Health: -2/22      AC:  4    Str: 23    XL:     1   Next: 83%
Magic:  0/0        EV:  8    Int:  4    God:
Gold:   32         SH:  7    Dex:  9    Spells: 0/0 levels left

rFire   . . .      SeeInvis .      - Unarmed
rCold   . . .      Faith    .    b - +0 kite shield
rNeg    . . .      Spirit   .    a - +0 robe
rPois   .          Reflect  .    (helmet restricted)
rElec   .          Harm     .    (no cloak)
rCorr   .          Rampage  .    (gloves unavailable)
Will    .....                    (boots unavailable)
Stlth   +                        (no amulet)
HPRegen 1.03/turn                (no ring)
MPRegen 0.07/turn                (no ring)

@: lethally poisoned (-2 -> -5)
A: large, unfitting armour, claws 3, regeneration 1, shaggy fur 1, tough skin 1
a: no special abilities


You were on level 1 of the Dungeon.
You visited 1 branch of the dungeon, and saw 1 of its levels.

You collected 32 gold pieces.

Inventory:

Armour
 a - a +0 robe (worn)
 b - a +0 kite shield (worn)
Scrolls
 e - a scroll of teleportation {unknown}
Potions
 c - a potion of might
 d - a potion of heal wounds {unknown}


   Skills:
 + Level 2.5 Fighting
 - Level 2.4 Dodging
 + Level 2.8 Shields
 * Level 2.3 Unarmed Combat


You couldn't memorise any spells.
You didn't know any spells.
Your spell library was empty.

Dungeon Overview and Level Annotations

Branches:
Dungeon (1/15)

Altars:

Shops:
D:1 (


Innate Abilities, Weirdness & Mutations

You are too large for most types of armour.
You have claws for hands.
Your natural rate of healing is unusually fast.
You are covered in fur. (AC +1)
You have tough skin. (AC +1)


Message History

You block the hobgoblin's attack.
The goblin hits you with a +2 dagger of venom.
You barely miss the hobgoblin.
The hobgoblin is moderately wounded.
The hobgoblin hits you. The goblin closely misses you.
You closely miss the hobgoblin.
The hobgoblin is moderately wounded.
The hobgoblin closely misses you. The goblin closely misses you.
The kobold hits you with a +0 club. The kobold hits you but does no damage.
The hobgoblin hits you. The goblin barely misses you.
You scratch the hobgoblin.
The hobgoblin is severely wounded.
The kobold hits you but does no damage.
The goblin hits you with a +2 dagger of venom.
You are poisoned.
You block the hobgoblin's attack. The kobold barely misses you.
You barely miss the hobgoblin.
The hobgoblin is severely wounded.
You feel sick. The kobold barely misses you.
The kobold hits you with a +0 club. You block the hobgoblin's attack.
The goblin closely misses you.
You barely miss the hobgoblin.
The hobgoblin is severely wounded.
You feel sick. The kobold hits you with a +0 whip.
You block the kobold's attack. You block the hobgoblin's attack.
The goblin hits you with a +2 dagger of venom.
You are more poisoned.
You are too injured to fight recklessly!
You are too injured to fight recklessly!
You are too injured to fight recklessly!
You are too injured to fight recklessly!
You are too injured to fight recklessly!
You are too injured to fight recklessly!
You scratch the goblin but do no damage.
You feel very sick. The kobold hits you with a +0 whip.
* * * LOW HITPOINT WARNING * * *
The goblin closely misses you. The kobold hits you but does no damage.
The hobgoblin hits you.
You die...

..........# ...###
#.........#######...##
#.........##.........#
#.........##.........##
#..........+...[.......
#............≈.........
##....$......≈.≈..####..
.........†..≈(..≈.####..
......g@...≈..∩..≈...#..
......gKK.#.≈...≈..#.#..
.....?.......≈.≈..## #..
..............≈...# ##.
)............###.## #.
............## #.. #.
............# ### #.
............# #. ##


You could see a hobgoblin, a goblin and 2 kobolds.

Vanquished Creatures
  An endoplasm (D:1)
  A ball python (D:1)
  2 bats (D:1)
  2 goblins (D:1)
  A kobold (D:1)
  A rat (D:1)
8 creatures vanquished.

Notes
Turn   | Place    | Note
-------+----------+-------------------------------------------
     0 | D:1      | Crownlay the Troll Fighter began the quest for the Orb.
     0 | D:1      | Reached XP level 1. HP: 22/22 MP: 0/0
    84 | D:1      | Found Cioqeu Ajoti's Weapon Shop.
   117 | D:1      | Slain by a hobgoblin

Illustrated notes

Levels and vault maps discovered:
D:1:      ncdulo_wetmaze, layout_basic, serial_shops, nicolae_diamond_shop

Action                     || total
---------------------------++-------
  Melee: Unarmed           ||    29
 Armour: Robe              ||    10
  Dodge: Dodged            ||    17
  Block: Kite shield       ||    14

Table legend: (Time is in decaauts)
 A = Elapsed time spent in this place.
 B = Non-inter-level travel time spent in this place.
 C = Inter-level travel time spent in this place.
 D = Time resting spent in this place.
 E = Time spent auto-exploring this place.
 F = Levels seen in this place.
 G = Mean time per level.
                   A        B        C        D        E       F      G
               +--------+--------+--------+--------+--------+-----+--------+
         Total |    119 |    119 |      0 |      0 |     60 |   1 |  119.0 |
       Dungeon |    119 |    119 |      0 |      0 |     60 |   1 |  119.0 |
               +--------+--------+--------+--------+--------+-----+--------+

Top non-repeatable levels by time:
     D:1: 119 daAuts
